 Dungeon Crawl Stone Soup version 0.24.0-1-gfbc8707 (webtiles) character file.

Game seed: 10640856948044194996, levelgen mode: deterministic

12496 Fang the Fighter (level 11, -3/76 HPs)
             Began as a Gargoyle Berserker on Oct 31, 2019.
             Was a High Priest of Trog.
             Slain by a wyvern (7 damage)
             ... on level 11 of the Dungeon.
             The game lasted 00:08:45 (8027 turns).

Fang the Fighter (Gargoyle Berserker)               Turns: 8027, Time: 00:08:46

Health: -3/76      AC: 26    Str: 24    XL:     11   Next: 94%
Magic:  11/11      EV:  9    Int:  8    God:    Trog [*****.]
Gold:   707        SH:  0    Dex:  9    Spells: 10/10 levels left

rFire    . . .     SeeInvis .   a - +1 war axe
rCold    . . .     Gourm    .   (no shield)
rNeg     + . .     Faith    .   b - +1 plate armour
rPois    ∞         Spirit   .   d - +1 hat {MR+}
rElec    +         Reflect  .   (no cloak)
rCorr    .         Harm     .   (no gloves)
MR       +....                  w - +1 pair of boots
Stlth    ..........             v - amulet of regeneration
HPRegen  0.62/turn              u - +2 ring of slaying
MPRegen  0.12/turn              l - ring of stealth

@: berserk cooldown, starving, slowed, very slow
A: negative energy resistance 1, electricity resistance, unbreathing,
petrification resistance, rot immunity, AC +8
a: Berserk, Trog's Hand, Brothers in Arms, Renounce Religion


You were on level 11 of the Dungeon.
You worshipped Trog.
Trog was extremely pleased with you.
You were starving.

You visited 2 branches of the dungeon, and saw 12 of its levels.

You collected 707 gold pieces.

Inventory:

Hand Weapons
 a - a +1 war axe (weapon)
Armour
 b - a +1 plate armour (worn)
 d - a +1 hat of magic resistance (worn)
 r - a +2 pair of boots
 w - a +1 pair of boots (worn)
Jewellery
 l - a ring of stealth (right hand)
 o - an uncursed ring of positive energy
 u - a +2 ring of slaying (left hand)
 v - an amulet of regeneration (around neck)
 D - an uncursed amulet of harm {unknown}
Wands
 j - a wand of acid (10)
 s - a wand of iceblast (8)
 y - a wand of random effects (35)
 A - a wand of disintegration (11)
 C - a wand of flame (14)
Scrolls
 f - 4 scrolls of fear
 g - a scroll of remove curse
 k - 8 scrolls of teleportation
 E - a scroll of identify
Potions
 e - a potion of resistance
 h - 3 potions of heal wounds
 i - a potion of berserk rage
 m - 4 potions of curing
 n - 3 potions of flight
 p - a potion of might
 t - 2 potions of invisibility
 x - 2 potions of agility
 z - a potion of haste
 B - a potion of degeneration {unknown}
Comestibles
 c - 27 rations
 q - a chunk of flesh


   Skills:
 * Level 12.1 Fighting
 * Level 10.3 Axes
 + Level 8.7 Armour
 + Level 6.6 Dodging


You had 10 spell levels left.
You didn't know any spells.
Your spell library was empty.

Dungeon Overview and Level Annotations

Branches:
Dungeon (11/15)            Temple (1/1) D:4
   Lair: D:8-11         Orc: D:9-12

Altars:
Ashenzari
Dithmenos
Fedhas
Kikubaaqudgha
Qazlal
Ru
Sif Muna
Trog
Vehumet
The Shining One

Shops:
D:6 *   D:7 !   D:8 ?


Innate Abilities, Weirdness & Mutations

You are resistant to torment.
Your stone body is resilient. (AC +8)
You are immune to poison.
You resist negative energy. (rN+)
You are resistant to electric shocks. (rElec)
You can survive without breathing.
You are immune to petrification.
You are immune to rotting.


Message History

The 14-headed hydra bites you but does no damage. x5
The 14-headed hydra bites you.
* * * LOW HITPOINT WARNING * * *
The hungry ghost hits you.
You feel somewhat more hungry.
You chop one of the 14-headed hydra's heads off!
The 13-headed hydra grows two more!
You slice the 15-headed hydra!!
You kill the 15-headed hydra!
Trog accepts your kill.
Your Fighting skill increases to level 12!
Your plate armour prevents you from hitting the hungry ghost.
You slash the ogre!
You kill the ogre!
Trog accepts your kill.
You are too injured to fight recklessly!
You are no longer berserk.
You are exhausted.
You feel yourself slow down.
The bullfrog simulacrum hits you but does no damage.
The wyvern bites you!
You die...

.........!...
........[...
.....(.....#
...........
.......... .
........D# ##...
......J)Z##......
......W.l@.......
########'########
#....#....#
#.##...##.#
#.##...##.#
#...###...#
+#..#....#+
#...###...#
#.##...##.#


You could see a seven-headed hydra, a hungry ghost, a wyvern, a jelly and a
bullfrog simulacrum.

Vanquished Creatures
  Erica (D:8)
  2 hydras
  4 two-headed ogres
  An unseen horror (D:8)
  Pikel (D:7)
  An ugly thing (D:11)
  A cyclops (D:11)
  Joseph (D:7)
  Prince Ribbit (D:7)
  2 dream sheep (D:10)
  A hippogriff (D:10)
  A wraith (D:10)
  2 yaks (D:10)
  Duvessa (D:7)
  A slave (D:7)
  4 phantoms
  An ice beast (D:8)
  4 orc warriors
  2 sky beasts
  A black bear (D:10)
  4 ogres
  5 big kobolds (D:10)
  6 bullfrogs
  A wyvern skeleton (D:11)
  Dowan (D:7)
  A scorpion (D:7)
  5 wights
  A howler monkey (D:5)
  5 crimson imps
  2 bullfrog zombies
  2 centaur zombies
  A quasit (D:10)
  4 jellies
  2 hounds
  3 centaur skeletons
  10 orc priests
  7 orc wizards
  Jessica (D:2)
  Terence (D:2)
  9 worker ants
  Ijyb (D:3)
  A hound zombie (D:10)
  A hound skeleton (D:5)
  2 worker ant zombies
  4 gnolls
  7 adders
  2 shadow imps
  9 oozes (D:3)
  2 dart slugs
  5 leopard geckos
  61 orcs
  8 bats
  7 giant cockroaches
  6 goblins
  7 hobgoblins
  9 jackals
  2 quokkas
  A ball python (D:2)
  5 frilled lizards
  27 kobolds
  A leopard gecko skeleton (D:5)
  A quokka skeleton (D:5)
  7 rats
  A plant (D:10)
281 creatures vanquished.

Vanquished Creatures (others)
  A fungus (D:3)
  8 toadstools (D:3)
9 creatures vanquished.

Grand Total: 290 creatures vanquished

Notes
Turn   | Place    | Note
-------+----------+-------------------------------------------
     0 | D:1      | Fang the Gargoyle Berserker began the quest for the Orb.
     0 | D:1      | Reached XP level 1. HP: 14/14 MP: 1/1
   156 | D:1      | Reached XP level 2. HP: 7/19 MP: 2/2
  1122 | D:2      | Reached XP level 3. HP: 24/24 MP: 3/3
  1132 | D:2      | Noticed an air elemental
  1138 | D:2      | Found a stormy altar of Qazlal.
  1139 | D:2      | Noticed a water elemental
  1139 | D:2      | Noticed an earth elemental
  1139 | D:2      | Noticed a fire elemental
  1287 | D:2      | Noticed Jessica
  1303 | D:2      | Killed Jessica
  1303 | D:2      | Reached skill level 4 in Fighting
  1303 | D:2      | Reached XP level 4. HP: 24/29 MP: 4/4
  1305 | D:2      | Reached ** piety under Trog
  1352 | D:2      | Found a shadowy altar of Dithmenos.
  1390 | D:2      | Noticed Terence
  1411 | D:2      | Killed Terence
  1411 | D:2      | Reached XP level 5. HP: 29/34 MP: 5/5
  1813 | D:3      | Noticed Ijyb
  1827 | D:3      | Killed Ijyb
  2005 | D:3      | Reached XP level 6. HP: 40/40 MP: 6/6
  2009 | D:3      | Reached skill level 5 in Fighting
  2017 | D:3      | Reached *** piety under Trog
  2102 | D:3      | Found a shadowy altar of Dithmenos.
  2126 | D:3      | Found an ancient bone altar of Kikubaaqudgha.
  2126 | D:3      | Found a shimmering blue altar of Sif Muna.
  2128 | D:3      | Found a radiant altar of Vehumet.
  2469 | D:3      | Found a shattered altar of Ashenzari.
  2621 | D:4      | Found a staircase to the Ecumenical Temple.
  2636 | Temple   | Entered the Ecumenical Temple
  2688 | D:4      | Reached XP level 7. HP: 25/44 MP: 7/7
  2843 | D:4      | Found a blossoming altar of Fedhas.
  2845 | D:4      | Found a glowing golden altar of the Shining One.
  3623 | D:5      | Entered Level 5 of the Dungeon
  3645 | D:5      | Reached skill level 6 in Fighting
  3645 | D:5      | Reached skill level 5 in Axes
  4032 | D:5      | Reached XP level 8. HP: 34/52 MP: 8/8
  4134 | D:5      | Reached **** piety under Trog
  4518 | D:6      | Reached skill level 7 in Fighting
  4518 | D:6      | Reached skill level 5 in Armour
  4596 | D:6      | Found a bloodstained altar of Trog.
  4771 | D:6      | Found Suzupse's General Store.
  5019 | D:7      | Noticed Joseph
  5036 | D:7      | Killed Joseph
  5036 | D:7      | Reached skill level 8 in Fighting
  5036 | D:7      | Reached XP level 9. HP: 59/59 MP: 9/9
  5181 | D:7      | Reached ***** piety under Trog
  5436 | D:7      | Found Licwaebo's Distillery.
  5439 | D:7      | Noticed Prince Ribbit
  5441 | D:7      | Noticed Duvessa
  5441 | D:7      | Noticed Dowan
  5445 | D:7      | Killed Prince Ribbit
  5448 | D:7      | Killed Dowan
  5457 | D:7      | Killed Duvessa
  5486 | D:7      | Noticed Pikel
  5510 | D:7      | Killed Pikel
  5510 | D:7      | Reached skill level 9 in Fighting
  5554 | D:7      | Reached XP level 10. HP: 65/66 MP: 10/10
  5822 | D:8      | Noticed Erica
  5826 | D:8      | Reached skill level 5 in Dodging
  5837 | D:8      | Killed Erica
  5959 | D:8      | Found Lubbig's Magic Scroll Emporium.
  6245 | D:8      | Found a sacrificial altar of Ru.
  6278 | D:8      | Reached skill level 10 in Fighting
  6309 | D:8      | Killed an unseen horror
  6426 | D:9      | Noticed a two-headed ogre
  6437 | D:9      | Killed a two-headed ogre
  6740 | D:9      | Noticed a two-headed ogre
  6752 | D:9      | Killed a two-headed ogre
  6752 | D:9      | Reached XP level 11. HP: 57/73 MP: 11/11
  7106 | D:10     | Entered Level 10 of the Dungeon
  7178 | D:10     | Received a gift from Trog
  7178 | D:10     | Reached skill level 11 in Fighting
  7259 | D:10     | Found a blossoming altar of Fedhas.
  7725 | D:10     | Noticed a three-headed hydra
  7744 | D:10     | Killed an 11-headed hydra
  7917 | D:11     | Noticed a cyclops
  7928 | D:11     | Killed a cyclops
  7983 | D:11     | Noticed a brown ugly thing
  7985 | D:11     | Noticed a two-headed ogre
  7989 | D:11     | Killed a brown ugly thing
  7989 | D:11     | Reached skill level 10 in Axes
  7995 | D:11     | Killed a two-headed ogre
  8009 | D:11     | Noticed a five-headed hydra
  8010 | D:11     | Noticed a two-headed ogre
  8019 | D:11     | Noticed a seven-headed hydra
  8021 | D:11     | Killed a two-headed ogre
  8024 | D:11     | HP: 4/114 [14-headed hydra (5)]
  8025 | D:11     | Killed a 15-headed hydra
  8025 | D:11     | Reached skill level 12 in Fighting
  8027 | D:11     | Slain by a wyvern

Levels and vault maps discovered:
D:1:      minmay_arrival_plants_in_alcoves, layout_basic
D:2:      layout_basic, nicolae_qazlal_style_of_elements, lemuel_round_altar,
          uniq_jessica, uniq_terence
D:3:      cheibrodos_fertilizer, layout_loops_ring,
          grunt_temple_overflow_magic_moments, ashenzari_conservatory_becter,
          grunt_dithmenos_smoke_and_mirrors, uniq_ijyb
D:4:      layout_basic, chequers_temple_overflow_statue_of_worship,
          minmay_temple_entry_mist
D:5:      layout_rooms, first_ration, minivault_23
D:6:      layout_rooms, nicolae_overflow_hidden_temple, serial_shops, shop
D:7:      wad_crossroads, layout_basic, serial_shops,
          nicolae_shop_competitors_out_of_business, st_stairs_2, uniq_duvessa,
          uniq_joseph, uniq_prince_ribbit1, uniq_pikel
D:8:      layout_rooms, nicolae_ru_sacrificial_ziggurat, serial_shops, shop,
          uniq_erica
D:9:      layout_roguey [special_room_orc]
D:10:     layout_roguey, basic_altar, hangedman_ranch [blue_anna_fruit_fields]
D:11:     minmay_the_grid_4x2 [minmay_the_grid_small_cups,
          minmay_the_grid_aliased_spiral, minmay_the_grid_fan,
          minmay_the_grid_plusring, minmay_the_grid_square_x,
          minmay_the_grid_large_cup, minmay_the_grid_holed_spiral,
          minmay_the_grid_prize_trominoes], layout_cave_pods, lair_entry_dummy,
          david_orc_3
Temple:   kb_corrupted_temple

Skill      XL: |  1  2  3  4  5  6  7  8  9 10 11 |
---------------+----------------------------------+-----
Axes           | 3 4 5 6 7 9 10 | 10.3
Dodging        | 2 3 4 5 6 |  6.6
Fighting       | 4 5 6 8 9 10 12 | 12.1
Armour         | 3 4 5 6 7 8 |  8.7

Action                   |  1- 3 |  4- 6 |  7- 9 | 10-12 || total
-------------------------+-------+-------+-------+-------++-------
Melee: Hand axe          |    87 |   184 |   192 |       ||   463
       War axe           |       |       |   190 |   336 ||   526
Invok: Berserk           |       |     2 |     4 |     4 ||    10
       Brothers in Arms  |       |       |       |     1 ||     1
  Use: Scroll            |       |       |    16 |     5 ||    21
 Stab: Sleeping          |     2 |       |       |       ||     2
  Eat: Chunk             |     1 |     6 |    15 |     8 ||    30
       Ration            |       |       |       |     1 ||     1
Armor: Animal skin       |    33 |       |       |       ||    33
       Plate armour      |    17 |   124 |   288 |   330 ||   759
Dodge: Dodged            |    53 |    58 |   121 |   182 ||   414
